 Dungeon Crawl Stone Soup version 0.28-a0-1567-g1695149f81 (webtiles) character file.

Game seed: 13862095467063175802

11680 dolemite99 the Spear-Bearer (level 11, -1/89 HPs)
             Began as a Merfolk Abyssal Knight on Jan 20, 2022.
             Was a Believer of Lugonu.
             Slain by a killer bee (5 damage)
             ... on level 11 of the Dungeon.
             The game lasted 00:21:15 (20279 turns).

dolemite99 the Spear-Bearer (MfAK)                 Turns: 20279, Time: 00:21:16

Health: -1/89      AC: 13    Str: 17    XL:     11   Next: 81%
Magic:  18/18      EV: 11    Int: 10    God:    Lugonu [**....]
Gold:   652        SH:  0    Dex: 15    Spells: 10/10 levels left

rFire   . . .      SeeInvis .   a - +0 halberd (vamp)
rCold   . . .      Faith    .   (shield currently unavailable)
rNeg    . . .      Spirit   .   i - +0 chain mail
rPois   .          Reflect  .   F - +0 helmet of the Pure Singing Mice {Will+}
rElec   .          Harm     .   (no cloak)
rCorr   .          Rampage  .   (no gloves)
Will    +....                   A - +1 pair of boots
Stlth   ..........              o - amulet of magic regeneration
HPRegen 0.24/turn               (no ring)
MPRegen 0.56/turn               (no ring)

@: brilliant
A: (nimble swimmer 2), mertail
a: Renounce Religion, Depart the Abyss, Bend Space


You were on level 11 of the Dungeon.
You worshipped Lugonu.
Lugonu was pleased with you.
You visited 1 branch of the dungeon, and saw 11 of its levels.
You visited the Abyss 1 time.

You collected 652 gold pieces.

Inventory:

Hand Weapons
 a - a +0 vampiric halberd (weapon)
 d - a +1 dagger of speed
 n - a +0 trident
 z - a +1 vorpal spear
Missiles
 b - a throwing net (quivered)
 e - 49 sling bullets
 f - 221 stones
 k - 19 boomerangs
 m - 155 arrows
 p - 2 silver javelins
 t - 4 javelins
Armour
 c - a +0 plate armour
 i - a +0 chain mail (worn)
 y - a +1 helmet
 A - a +1 pair of boots (worn)
 F - the +0 helmet of the Pure Singing Mice (worn) {Will+}
   (You acquired it on level 10 of the Dungeon)

   Will:      It increases your willpower.
Magical Staves
 u - a staff of death
Jewellery
 j - an amulet of faith
 o - an amulet of magic regeneration (around neck)
 s - a +6 ring of intelligence
 x - an amulet of guardian spirit
Wands
 v - a wand of flame (49)
 w - a wand of acid (5)
 E - a wand of mindburst (9)
Scrolls
 B - 8 scrolls of identify {@r1}
 C - a scroll of vulnerability
Potions
 g - a potion of mutation
 q - 4 potions of attraction
 r - a potion of flight
Miscellaneous
 D - a phial of floods (inert)


   Skills:
 - Level 9.0 Fighting
 - Level 14.1 Polearms
 - Level 4.9 Throwing
 - Level 4.4 Armour
 + Level 10.2 Dodging
 - Level 9.5 Invocations


You had 10 spell levels left.
You didn't know any spells.
Your spell library contained the following spells:

 Spells                   Type           Power      Damage    Failure   Level
 Magic Dart               Conj           0%         1d3       99%         1
 Slow                     Hex            0%         N/A       99%         1
 Call Imp                 Summ           0%         N/A       100%        2
 Confusing Touch          Hex            0%         N/A       100%        3
 Conjure Flame            Conj/Fire      0%         6-21      100%        3
 Frozen Ramparts          Ice            0%         1d2       100%        3
 Ignite Poison            Fire/Tmut/Pois 0%         N/A       100%        3
 Mephitic Cloud           Conj/Pois/Air  0%         N/A       100%        3
 Ozocubu's Armour         Ice            0%         N/A       100%        3
 Vampiric Draining        Necr           0%         2d6       100%        3
 Ice Form                 Ice/Tmut       0%         N/A       100%        4
 Petrify                  Tmut/Erth      0%         N/A       100%        4
 Sticky Flame             Conj/Fire      0%         2d3       100%        4
 Summon Ice Beast         Ice/Summ       0%         N/A       100%        4
 Metabolic Englaciation   Hex/Ice        0%         N/A       100%        5
 Simulacrum               Ice/Necr       0%         N/A       100%        6
 Statue Form              Tmut/Erth      0%         N/A       100%        6


Dungeon Overview and Level Annotations

Branches:
Dungeon (11/15)            Temple (0/1) D:7            Lair (0/6) D:8
    Orc (0/2) D:10

Altars:
Gozag
Hepliaklqana
Makhleb
Okawaru
Qazlal
Sif Muna
Uskayaw
Xom
The Shining One

Annotations:
D:9 2 transporters, issech's ghost, novice TrFi
Abyss:1 Sonja


Innate Abilities, Weirdness & Mutations

((You are very nimble when in or above water. (Stealth+, EV+, Speed+++)))
Your lower body shifts to a powerful aquatic tail in water.


Message History

The killer bee stings you but does no damage. x2
The killer bee barely misses you.
You closely miss the killer bee.
The killer bee is severely wounded.
The killer bee stings you but does no damage. x2
You puncture the killer bee!
You feel better.
You kill the killer bee!
Lugonu accepts your kill. The killer bee closely misses you.
The killer bee barely misses you.
You miss the killer bee.
The killer bee stings you but does no damage.
You hit the killer bee.
You feel better.
The killer bee is lightly wounded.
The killer bee stings you but does no damage.
The killer bee stings you.
* * * LOW HITPOINT WARNING * * *
You miss the killer bee.
The killer bee is lightly wounded.
The killer bee closely misses you. The killer bee stings you.
* * * LOW HITPOINT WARNING * * *
You puncture the killer bee!
You feel better.
The killer bee is severely wounded.
The killer bee stings you.
* * * LOW HITPOINT WARNING * * *
You miss the killer bee.
The killer bee is severely wounded.
The killer bee barely misses you. The killer bee stings you.
* * * LOW HITPOINT WARNING * * *
It was a potion of brilliance.
You feel clever all of a sudden.
The killer bee stings you but does no damage. x2
Aiming: Corrosive Bolt
Press: ? - help, Shift-Dir - straight line, f - killer bee
Aim: a killer bee (severely wounded, 43% to hit)
The bolt of acid misses the killer bee.
You hear a shout!
The killer bee closely misses you.
A cyclops comes into view.
The killer bee stings you.
You die...

#....#.#..
##....#.##..
#######........ .
#.....#....P... .#
#.##.......... ..#
#...######..##.(..
###.# #...... #.##
#...##..P #.@#
##.)......
####y####.†.##>###
#...)C.#....#
#...##.y.#..#
#...#..#....# #..###
#......#y............
#.>.##.#.#.....######
#... ....####..# #
#### ###.. ..# ####


You could see a cyclops and a killer bee.

Vanquished Creatures
  Harold (D:8)
  A two-headed ogre (D:11)
  Pikel (D:8)
  A centaur zombie (D:11)
  A gargoyle (D:11)
  A komodo dragon (D:8)
  3 trolls
  A shadow (D:11)
  17 yaks
  A wyvern (D:9)
  Duvessa (D:7)
  4 orc warriors
  A sky beast (D:6)
  A black bear (D:8)
  A necrophage (D:7)
  3 ogres
  2 centaurs
  3 phantoms
  3 bullfrogs
  6 scorpions
  A gnoll sergeant (D:5)
  Dowan (D:7)
  16 killer bees
  4 howler monkeys
  4 lava snakes (D:8)
  A hound (D:5)
  A jelly (D:6)
  6 orc priests
  2 gnoll shamans (D:6)
  5 iguanas
  8 orc wizards
  A hound skeleton (D:4)
  2 howler monkey zombies
  9 gnolls
  10 adders
  2 shadow imps
  2 white imps
  3 worms
  2 dart slugs
  30 orcs
  4 bats
  2 endoplasms
  3 giant cockroaches
  3 goblins
  12 hobgoblins
  4 jackals (D:4)
  A quokka (D:4)
  7 ball pythons
  4 frilled lizards
  5 kobolds
  8 rats
216 creatures vanquished.

Vanquished Creatures (others)
  6 plants
6 creatures vanquished.

Grand Total: 222 creatures vanquished

Notes
Turn   | Place    | Note
-------+----------+-------------------------------------------
     0 | Abyss:1  | dolemite99 the Merfolk Abyssal Knight began the quest for
                  | the Orb.
     0 | Abyss:1  | Reached XP level 1. HP: 18/18 MP: 2/2
    21 | D:1      | Escaped the Abyss
   498 | D:1      | Reached skill level 4 in Polearms
   498 | D:1      | Reached XP level 2. HP: 19/24 MP: 3/3
  1430 | D:2      | Reached skill level 5 in Polearms
  1430 | D:2      | Reached XP level 3. HP: 23/29 MP: 4/4
  1562 | D:2      | Reached ** piety under Lugonu
  1594 | D:2      | Noticed a phantom
  1612 | D:2      | Killed a phantom
  1613 | D:2      | Reached skill level 7 in Polearms
  1613 | D:2      | Reached XP level 4. HP: 10/35 MP: 5/5
  1613 | D:2      | Reached XP level 5. HP: 12/41 MP: 6/6
  2973 | D:3      | Reached skill level 8 in Polearms
  3123 | D:3      | Found an iron altar of Okawaru.
  3937 | D:4      | Reached skill level 9 in Polearms
  3937 | D:4      | Reached XP level 6. HP: 35/47 MP: 7/7
  5795 | D:5      | Entered Level 5 of the Dungeon
  5919 | D:5      | Noticed a troll
  5924 | D:5      | Reached skill level 1 in Throwing
  5954 | D:5      | Killed a troll
  5955 | D:5      | Reached XP level 7. HP: 34/52 MP: 8/8
  6848 | D:5      | Noticed a yak
  7122 | D:5      | Noticed a yak
  7123 | D:5      | Noticed a yak
  7125 | D:5      | Noticed a yak
  7129 | D:5      | Noticed a yak
  7152 | D:5      | Killed a yak
  7153 | D:5      | Reached skill level 10 in Polearms
  7153 | D:5      | Reached XP level 8. HP: 53/58 MP: 9/9
  7165 | D:5      | Killed a yak
  7166 | D:5      | Reached skill level 11 in Polearms
  7218 | D:4      | Killed a yak
  7219 | D:4      | Reached skill level 12 in Polearms
  7914 | D:5      | Killed a yak
  7919 | D:5      | Killed a yak
  7920 | D:5      | Reached skill level 13 in Polearms
  8546 | D:5      | Reached *** piety under Lugonu
  8671 | D:6      | Reached XP level 9. HP: 63/64 MP: 10/10
  8754 | D:6      | Reached skill level 5 in Dodging
  9846 | D:7      | Found a staircase to the Ecumenical Temple.
 10067 | D:7      | Found a hazy altar of Hepliaklqana.
 10173 | D:7      | Noticed Duvessa
 10174 | D:7      | Noticed Dowan
 10182 | D:7      | Killed Duvessa
 10186 | D:7      | Killed Dowan
 10545 | D:7      | Found a shimmering blue altar of Sif Muna.
 10868 | D:7      | Found the +7 Throatcutter {drain, coup de grace}
 11053 | D:7      | Reached skill level 5 in Invocations
 11848 | D:8      | Found a stormy altar of Qazlal.
 11849 | D:8      | Found a shimmering altar of Xom.
 11903 | D:8      | Noticed Pikel
 11936 | D:8      | Killed Pikel
 11937 | D:8      | Reached XP level 10. HP: 56/73 MP: 13/15
 12024 | D:8      | Found an opulent altar of Gozag.
 12219 | D:8      | Noticed Harold
 12231 | D:8      | Killed Harold
 13135 | D:8      | Reached skill level 1 in Armour
 13907 | D:8      | Found a staircase to the Lair.
 14184 | D:9      | Noticed a two-headed ogre
 14226 | D:9      | Banished a two-headed ogre
 14841 | D:9      | Found a burning altar of Makhleb.
 14848 | D:9      | Found a glowing golden altar of the Shining One.
 14853 | D:9      | Found a hide-covered altar of Uskayaw.
 14914 | D:9      | Reached XP level 11. HP: 30/78 MP: 13/18
 15894 | D:9      | Found a transporter.
 15934 | D:9      | Found a transporter.
 15940 | D:9      | Noticed issech's ghost (novice TrFi)
 16124 | D:10     | Entered Level 10 of the Dungeon
 16766 | D:10     | Reached skill level 5 in Fighting
 17509 | D:10     | Identified a scroll of acquirement
 17509 | D:10     | Acquired the +0 helmet of the Pure Singing Mice {Will+}
 17551 | D:10     | Noticed Sonja
 17591 | D:10     | Banished Sonja
 18130 | D:10     | Found a staircase to the Orcish Mines.
 19256 | D:11     | Noticed a two-headed ogre
 19265 | D:11     | Killed a two-headed ogre
 19266 | D:11     | Reached skill level 14 in Polearms
 20057 | D:11     | Reached skill level 10 in Dodging
 20277 | D:11     | HP: 4/89 [killer bee (4)]
 20279 | D:11     | Noticed a cyclops
 20279 | D:11     | Slain by a killer bee

Illustrated notes

Levels and vault maps discovered:
D:1:      dpeg_arrival_connections, layout_rooms
D:2:      layout_basic, minivault_23, minmay_octomino_j4
D:3:      layout_loops_ring, mainiacjoe_overflow_small_starburst
D:4:      layout_basic
D:5:      layout_basic, amcnicky_mini_pool_medium
D:6:      layout_rooms
D:7:      layout_basic, nicolae_overflow_crystal_walls,
          nicolae_overflow_hidden_temple, minmay_temple_entry_hall, uniq_duvessa
D:8:      layout_loops_ring, grunt_gozag_breadcrumbs, jmf_multi_god_temple,
          david_lair_shrubbed, kennysheep_boxes, uniq_pikel, uniq_harold
D:9:      layout_basic, minmay_overflow_temple_star_quad,
          gammafunk_ghost_stat_death, minmay_misc_feat_pillars
D:10:     layout_irregular_city, erik_orc_1, uniq_sonja
D:11:     regret_index_bee_streams, layout_rooms

Skill      XL: |  1  2  3  4  5  6  7  8  9 10 11 |
---------------+----------------------------------+-----
Polearms       | 4 5 7 9 10 13 14 | 14.1
Throwing       | 3 4 |  4.9
Dodging        | 4 6 7 10 | 10.2
Fighting       | 4 9 |  9.0
Invocations    | 7 9 |  9.5
Armour         | 4 |  4.4

Action                   |  1- 3 |  4- 6 |  7- 9 | 10-12 || total
-------------------------+-------+-------+-------+-------++-------
Melee: Spear             |    97 |   227 |   242 |       ||   566
       Punch             |     1 |     6 |     8 |       ||    15
       Halberd           |       |       |    94 |   410 ||   504
Throw: Javelin           |       |     4 |    15 |       ||    19
       Stone             |       |       |    10 |       ||    10
       Dart              |       |       |    48 |    92 ||   140
Invok: Banish            |       |       |       |    11 ||    11
Evoke: Wand              |       |       |       |     3 ||     3
       Phial of floods   |       |       |       |     1 ||     1
  Use: Scroll            |     4 |     6 |     6 |     4 ||    20
       Potion            |     1 |     3 |     2 |    10 ||    16
 Stab: Sleeping          |     1 |       |       |       ||     1
Armor: Leather armour    |    12 |       |       |       ||    12
       Ring mail         |     3 |    27 |       |       ||    30
       Skin              |       |    34 |    25 |       ||    59
       Chain mail        |       |       |    66 |   227 ||   293
Dodge: Dodged            |    59 |    68 |    65 |   221 ||   413

Table legend: (Time is in decaauts)
 A = Elapsed time spent in this place.
 B = Non-inter-level travel time spent in this place.
 C = Inter-level travel time spent in this place.
 D = Time resting spent in this place.
 E = Time spent auto-exploring this place.
 F = Levels seen in this place.
 G = Mean time per level.
                   A        B        C        D        E       F      G
               +--------+--------+--------+--------+--------+-----+--------+
         Total |  19944 |  19381 |    563 |  10199 |   6531 |  12 | 1662.0 |
       Dungeon |  19923 |  19360 |    563 |  10199 |   6523 |  11 | 1811.2 |
         Abyss |     21 |     21 |      0 |      0 |      8 |   1 |   21.0 |
               +--------+--------+--------+--------+--------+-----+--------+

Top non-repeatable levels by time:
     D:4: 2849 daAuts
    D:10: 2684 daAuts
     D:9: 2510 daAuts
     D:8: 2272 daAuts
     D:7: 2235 daAuts
     D:5: 2214 daAuts
     D:2: 1507 daAuts
     D:3: 1095 daAuts
    D:11: 897 daAuts
     D:6: 840 daAuts
     D:1: 815 daAuts
 Abyss:1: 21 daAuts
